 Dungeon Crawl Stone Soup version 0.27.1-1-g398f81649c (webtiles) character file.

Game seed: 377105278428387317

2517 MisterFreud the Shield-Bearer (level 9, -5/74 HPs)
             Began as a Gnoll Fighter on Sept 6, 2021.
             Was an Elder of Yredelemnul.
             Slain by a two-headed ogre (6 damage)
             ... on level 8 of the Dungeon.
             The game lasted 00:10:01 (9123 turns).

MisterFreud the Shield-Bearer (Gnoll Fighter)       Turns: 9123, Time: 00:10:02

Health: -5/74      AC:  9    Str: 15    XL:     9   Next: 54%
Magic:  0/15       EV:  9    Int: 11    God:    Yredelemnul [****..]
Gold:   491        SH: 10    Dex: 12    Spells: 16/16 levels left

rFire    . . .     SeeInvis .   i - +2 hand axe (elec)
rCold    . . .     Faith    .   c - +0 kite shield
rNeg     + . .     Spirit   +   b - +0 scale mail
rPois    +         Reflect  .   (no helmet)
rElec    .         Harm     .   z - +0 cloak
rCorr    .         Rampage  .   (no gloves)
Will     .....                  (no boots)
Stlth    +.........             e - amulet of guardian spirit
HPRegen  0.22/turn              r - ring of poison resistance
MPRegen  0.14/turn              y - ring of positive energy

@: no status effects
A: fangs 1, strong nose, distributed training
a: Renounce Religion, Recall Undead Slaves, Injury Mirror, Animate Dead, Drain
Life


You were on level 8 of the Dungeon.
You worshipped Yredelemnul.
Yredelemnul was greatly pleased with you.
You visited 1 branch of the dungeon, and saw 8 of its levels.
You also visited: Sewer.

You collected 491 gold pieces.

Inventory:

Hand Weapons
 a - a +0 rapier
 i - a +2 hand axe of electrocution (weapon)
 j - a +2 short sword of venom
Missiles
 F - 2 javelins (quivered)
 G - 4 boomerangs
Armour
 b - a +0 scale mail (worn)
 c - a +0 kite shield (worn)
 z - a +0 cloak (worn)
Jewellery
 e - an amulet of guardian spirit (around neck)
 r - a ring of poison resistance (left hand)
 y - a ring of positive energy (right hand)
 A - a ring of protection from cold
 D - a ring of protection from cold
Wands
 k - a wand of paralysis (5)
 u - a wand of digging (5)
Scrolls
 g - a scroll of identify
 h - 2 scrolls of teleportation
 m - 3 scrolls of noise
 n - 2 scrolls of enchant weapon {unknown}
 o - 2 scrolls of acquirement {unknown}
 p - 3 scrolls of amnesia {unknown}
 q - a scroll of fog {unknown}
 t - a scroll of blinking {unknown}
 v - a scroll of magic mapping {unknown}
 w - 2 scrolls of enchant armour {unknown}
 C - a scroll of fear {unknown}
Potions
 d - a potion of might
 f - a potion of curing
 l - a potion of attraction
 x - a potion of heal wounds
 B - a potion of lignification
 E - a potion of resistance {unknown}
 H - a potion of degeneration {unknown}
Miscellaneous
 s - a condenser vane (inert)


   Skills:
 + Level 7.9 Fighting
 + Level 6.4 Short Blades
 + Level 4.3 Long Blades
 + Level 4.3 Axes
 + Level 4.3 Maces & Flails
 + Level 4.3 Polearms
 + Level 4.3 Staves
 + Level 4.3 Slings
 + Level 4.3 Bows
 + Level 4.3 Crossbows
 + Level 4.3 Throwing
 + Level 7.9 Armour
 + Level 4.3 Dodging
 + Level 4.3 Stealth
 + Level 7.9 Shields
 + Level 4.3 Unarmed Combat
 + Level 4.3 Spellcasting
 + Level 3.5 Conjurations
 + Level 3.5 Hexes
 + Level 3.5 Summonings
 + Level 3.5 Necromancy
 + Level 3.5 Translocations
 + Level 3.5 Transmutations
 + Level 3.5 Fire Magic
 + Level 3.5 Ice Magic
 + Level 3.5 Air Magic
 + Level 3.5 Earth Magic
 + Level 3.5 Poison Magic
 + Level 4.8 Invocations
 + Level 4.3 Evocations


You had 16 spell levels left.
You didn't know any spells.
Your spell library contained the following spells:

 Spells                   Type           Power      Damage    Failure   Level
 Animate Skeleton         Necr           20%        N/A       38%         1
 Corona                   Hex            11%        N/A       38%         1
 Pain                     Necr           40%        1d6       38%         1
 Ensorcelled Hibernation  Hex/Ice        20%        N/A       54%         2
 Tukima's Dance           Hex            10%        N/A       77%         3
 Vampiric Draining        Necr           5%         2d6       77%         3


Dungeon Overview and Level Annotations

Branches:
Dungeon (8/15)             Temple (0/1) D:7           Sewer (visited)
   Lair: D:8-11

Altars:
Dithmenos
Kikubaaqudgha
Uskayaw
Wu Jian
Yredelemnul

Shops:
D:1 (

Annotations:
D:6 2 transporters, Skimidon's ghost, novice MiFi


Innate Abilities, Weirdness & Mutations

You have very sharp teeth.
Your uncanny sense of smell can sniff out nearby items.
Your experience applies equally to all skills.


Message History

Your wraith hits the orc wizard!
You hit the two-headed ogre but do no damage.
You bite the two-headed ogre.
The two-headed ogre is lightly wounded.
You hit the orc. Lightning courses through the orc!
You kill the orc!
Yredelemnul accepts your kill.
The orc wizard hits your wraith but does no damage.
A shadow imp comes into view.
The orc barely misses your wraith. You block the two-headed ogre's attack.
The two-headed ogre hits you with a +0 giant club!
Your wraith hits the orc wizard.
Your wraith drains the orc wizard's vigour!
The orc wizard seems to slow down.
You hit the two-headed ogre.
The two-headed ogre is lightly wounded.
The orc hits your wraith but does no damage.
The orc wizard hits your wraith but does no damage.
Your wraith hits the orc!
The orc dies!
Yredelemnul accepts your kill.
The two-headed ogre hits you with a +0 giant club.
The two-headed ogre hits you with a +0 giant club!!
The shadow imp summons a swarm of flies.
You are too injured to fight recklessly!
You are too injured to fight recklessly!
Unknown command.
Unknown command.
Unknown command.
Clouds of negative energy condense around you!
The condenser dries out!
Your wraith hits the two-headed ogre!
The orc wizard is engulfed in negative energy.
You kill the orc wizard!
Yredelemnul accepts your kill.
The two-headed ogre is engulfed in negative energy.
The two-headed ogre hits you with a +0 giant club!!
* * * LOW HITPOINT WARNING * * *
The two-headed ogre hits you with a +0 giant club.
You die...
Your body rises from the dead as a mindless zombie.

....[..#.#......#
##+
.....###.#.......
.#.#.........#..
# #.............
#....####.....
#....# #.....
#....##.......
##.#.......#..
###@......# .
.....§OW§......
.....§§§§§§§...
.....§§§#§5§...
.....§o###§§...
##...§§ #....
#####. .... ..
...


You could see a two-headed ogre (drained, ally target), a shadow imp, an orc and
a friendly wraith.

Vanquished Creatures
  A wyvern (D:4)
  Menkaure (D:7)
  Edmund (D:5)
  2 black bears
  A water moccasin (D:3)
  An ice beast (D:6)
  A centaur (D:5)
  2 scorpions (D:6)
  3 bullfrogs
  A water moccasin skeleton (D:4)
  4 wights (D:5)
  A bullfrog zombie (D:6)
  A centaur zombie (D:6)
  2 jellies
  A centaur skeleton (D:4)
  An orc priest (D:6)
  4 hounds
  2 iguanas
  5 orc wizards
  A killer bee zombie (D:6)
  A mummy (D:5)
  4 gnolls (D:5)
  10 adders
  A howler monkey skeleton (D:6)
  A river rat (D:4)
  2 shadow imps
  An ufetubus (D:7)
  A worm (D:4)
  9 orcs
  18 ball pythons
  7 bats
  11 endoplasms
  13 giant cockroaches
  5 goblins
  7 hobgoblins
  6 jackals
  10 kobolds
  14 quokkas
  12 frilled lizards
  2 hobgoblin zombies (D:5)
  5 rats
176 creatures vanquished.

Vanquished Creatures (collateral kills)
  A wraith (D:5)
  A water moccasin (D:8)
  A necrophage (D:4)
  An ogre (D:7)
  A scorpion (D:5)
  3 orcs
  A giant cockroach (D:4)
  2 ball pythons
  A frilled lizard (Sewer)
12 creatures vanquished.

Vanquished Creatures (others)
  36 plants
36 creatures vanquished.

Grand Total: 224 creatures vanquished

Notes
Turn   | Place    | Note
-------+----------+-------------------------------------------
     0 | D:1      | MisterFreud the Gnoll Fighter began the quest for the Orb.
     0 | D:1      | Reached XP level 1. HP: 23/23 MP: 1/1
   176 | D:1      | Reached XP level 2. HP: 29/29 MP: 2/2
   281 | D:1      | Found a faded altar of an unknown god.
   309 | D:1      | Found Roet Cia's Antique Weapon Emporium.
   331 | D:1      | Became a worshipper of Yredelemnul the Dark
   331 | D:1      | Reached * piety under Yredelemnul
  1041 | D:2      | Reached XP level 3. HP: 35/35 MP: 1/3
  1123 | D:2      | Found a hide-covered altar of Uskayaw.
  1287 | D:2      | Reached skill level 1 in Invocations
  1557 | D:2      | Reached ** piety under Yredelemnul
  1558 | D:2      | Reached skill level 1 in Long Blades
  1558 | D:2      | Reached skill level 1 in Axes
  1558 | D:2      | Reached skill level 1 in Maces & Flails
  1558 | D:2      | Reached skill level 1 in Polearms
  1558 | D:2      | Reached skill level 1 in Staves
  1558 | D:2      | Reached skill level 1 in Slings
  1558 | D:2      | Reached skill level 1 in Bows
  1558 | D:2      | Reached skill level 1 in Crossbows
  1558 | D:2      | Reached skill level 1 in Throwing
  1558 | D:2      | Reached skill level 1 in Dodging
  1558 | D:2      | Reached skill level 1 in Stealth
  1558 | D:2      | Reached skill level 1 in Unarmed Combat
  1558 | D:2      | Reached skill level 1 in Spellcasting
  1558 | D:2      | Reached skill level 1 in Evocations
  1869 | D:3      | Reached XP level 4. HP: 31/41 MP: 2/5
  1957 | D:3      | Reached skill level 1 in Conjurations
  1957 | D:3      | Reached skill level 1 in Hexes
  1957 | D:3      | Reached skill level 1 in Summonings
  1957 | D:3      | Reached skill level 1 in Necromancy
  1957 | D:3      | Reached skill level 1 in Translocations
  1957 | D:3      | Reached skill level 1 in Transmutations
  1957 | D:3      | Reached skill level 1 in Fire Magic
  1957 | D:3      | Reached skill level 1 in Ice Magic
  1957 | D:3      | Reached skill level 1 in Air Magic
  1957 | D:3      | Reached skill level 1 in Earth Magic
  1957 | D:3      | Reached skill level 1 in Poison Magic
  2123 | D:3      | Noticed a water moccasin
  2146 | D:3      | Killed a water moccasin
  2147 | D:3      | Reached XP level 5. HP: 5/47 MP: 5/7
  2701 | D:3      | Reached XP level 6. HP: 37/53 MP: 8/8
  3174 | D:4      | Noticed a necrophage
  3534 | D:4      | Found a glowing drain.
  3545 | Sewer    | Entered a sewer
  3640 | Sewer    | Reached skill level 5 in Short Blades
  3773 | Sewer    | Reached *** piety under Yredelemnul
  4124 | Sewer    | Reached XP level 7. HP: 38/58 MP: 6/10
  4127 | Sewer    | Received a gift from Yredelemnul (a mummy)
  4257 | D:4      | Noticed a wyvern
  4264 | D:4      | Killed a wyvern
  5008 | D:5      | Entered Level 5 of the Dungeon
  5008 | D:5      | Found a basalt altar of Yredelemnul.
  5051 | D:5      | Reached XP level 8. HP: 27/67 MP: 6/12
  5474 | D:5      | Reached **** piety under Yredelemnul
  5524 | D:5      | Noticed Edmund
  5547 | D:5      | Killed Edmund
  5790 | D:5      | HP: 3/64 [wight (1)]
  6264 | D:6      | Identified the +2 kite shield "Ulieg" {Regen+ Str+3 Dex+2}
  6265 | D:6      | Found a transporter.
  6317 | D:6      | Found a transporter.
  6317 | D:6      | Noticed Skimidon's ghost (novice MiFi)
  6586 | D:6      | Received a gift from Yredelemnul (a mummy)
  6589 | D:6      | Reached XP level 9. HP: 67/72 MP: 12/14
  8126 | D:7      | Found a staircase to the Ecumenical Temple.
  8396 | D:7      | Noticed Menkaure
  8403 | D:7      | Killed Menkaure
  8501 | D:7      | Received a gift from Yredelemnul (a wraith)
  8645 | D:7      | Found an ornate altar of the Wu Jian Council.
  8651 | D:7      | Found an ancient bone altar of Kikubaaqudgha.
  8656 | D:7      | Found a shadowy altar of Dithmenos.
  9116 | D:8      | Noticed a two-headed ogre
  9123 | D:8      | HP: 1/74 [two-headed ogre (22)]
  9123 | D:8      | Slain by a two-headed ogre

Illustrated notes

Levels and vault maps discovered:
D:1:      heliophobic_arrival_enchanted_forest, layout_loops_ring,
          chequers_ecumenical_altar_lobes, serial_shops, shop,
          solitary_fountain, serial_park_tiny_1, moated_statue
D:2:      layout_basic, serial_bayou, serial_bayou_shore_b,
          serial_bayou_crossing, serial_bayou_shore_b, serial_bayou_lagoon_a,
          serial_bayou_shore_b, serial_bayou_lake_a, basic_altar
D:3:      layout_basic
D:4:      layout_basic, portal_sewer_entry_a, st_stairs_10
D:5:      layout_basic, yredelemnul_altar_generic, nicolae_ossuary_entry_giza,
          uniq_edmund
D:6:      layout_basic, gammafunk_ghost_gnarly_gnolls
D:7:      layout_gridville, minmay_overflow_temple_star_quad,
          minmay_temple_entry_arrows, uniq_menkaure
D:8:      layout_cave_pools, dk_noncrumbling_3, lightli_church_of_beogh

Skill      XL: |  1  2  3  4  5  6  7  8  9 |
---------------+----------------------------+-----
Invocations    | 1 2 3 4 |  4.8
Long Blades    | 1 2 3 4 |  4.3
Axes           | 1 2 3 4 |  4.3
Maces & Flails | 1 2 3 4 |  4.3
Polearms       | 1 2 3 4 |  4.3
Staves         | 1 2 3 4 |  4.3
Slings         | 1 2 3 4 |  4.3
Bows           | 1 2 3 4 |  4.3
Crossbows      | 1 2 3 4 |  4.3
Throwing       | 1 2 3 4 |  4.3
Dodging        | 1 2 3 4 |  4.3
Stealth        | 1 2 3 4 |  4.3
Unarmed Combat | 1 2 3 4 |  4.3
Spellcasting   | 1 2 3 4 |  4.3
Evocations     | 1 2 3 4 |  4.3
Conjurations   | 1 2 3 |  3.5
Hexes          | 1 2 3 |  3.5
Summonings     | 1 2 3 |  3.5
Necromancy     | 1 2 3 |  3.5
Translocations | 1 2 3 |  3.5
Transmutations | 1 2 3 |  3.5
Fire Magic     | 1 2 3 |  3.5
Ice Magic      | 1 2 3 |  3.5
Air Magic      | 1 2 3 |  3.5
Earth Magic    | 1 2 3 |  3.5
Poison Magic   | 1 2 3 |  3.5
Short Blades   | 5 6 |  6.4
Fighting       | 7 |  7.9
Armour         | 7 |  7.9
Shields        | 7 |  7.9

Action                   |  1- 3 |  4- 6 |  7- 9 || total
-------------------------+-------+-------+-------++-------
Melee: Rapier            |    31 |       |       ||    31
       Hand axe          |    21 |       |   165 ||   186
       Bite              |     6 |    23 |    39 ||    68
       Short sword       |    35 |   263 |   144 ||   442
Evoke: Condenser vane    |       |       |     1 ||     1
  Use: Potion            |       |       |     2 ||     2
       Scroll            |       |       |     4 ||     4
Armor: Scale mail        |    28 |   125 |   104 ||   257
Dodge: Dodged            |    19 |    87 |    99 ||   205
Block: Kite shield       |    45 |   201 |   167 ||   413
